 Dungeon Crawl Stone Soup version 0.30.1-9-gdf580d7c3d (webtiles) character file.

Game seed: 4844782795754756427

169 lonewolfV2 the Shield-Bearer (level 5, 0/43 HPs)
             Began as a Formicid Fighter on Oct 20, 2023.
             Killed from afar by an orc wizard (5 damage)
             ... with a magic dart
             ... on level 3 of the Dungeon.
             The game lasted 00:02:58 (1654 turns).

lonewolfV2 the Shield-Bearer (Formicid Fighter)     Turns: 1654, Time: 00:03:00

Health: 0/43       AC: 10    Str: 23    XL:     5   Next: 79%
Magic:  5/5        EV:  8    Int:  7    God:
Gold:   88         SH:  5    Dex: 13    Spells: 4/4 levels left

rFire   . . .        a - +1 war axe
rCold   . . .        c - +0 buckler
rNeg    . . .        k - +1 chain mail
rPois   .            (helmet unavailable)
rElec   .            (no cloak)
rCorr   .            (no gloves)
SInv    +            (no boots)
Will    .....        (no amulet) Stlth
                     (no ring)
HPRegen 0.27/turn    (no ring)
MPRegen 0.09/turn

%: no passive effects
@: no status effects
A: permanent stasis, dig shafts and tunnels, antennae 3, four strong arms
a: Dig, Shaft Self


You were on level 3 of the Dungeon.
You visited 1 branch of the dungeon, and saw 3 of its levels.

You collected 88 gold pieces.

Inventory:

Hand Weapons
 a - a +1 war axe (weapon)
Armour
 b - a +0 scale mail
 c - a +0 buckler (worn)
 k - a +1 chain mail (worn)
Scrolls
 e - a scroll of torment {unknown}
 h - 2 scrolls of enchant weapon
 j - 2 scrolls of enchant armour
 m - a scroll of fog {unknown}
Potions
 d - 3 potions of might
 f - a potion of curing {unknown}
 g - 3 potions of degeneration {unknown}
 i - a potion of flight {unknown}
 l - a potion of haste {unknown}
 n - 3 potions of heal wounds


   Skills:
 + Level 4.6 Fighting
 - Level 2.1 Axes
 + Level 4.6 Armour
 + Level 5.6 Shields


You had 4 spell levels left.
You didn't know any spells.
Your spell library contained the following spells:

 Spells                   Type           Power      Damage    Failure   Level
 Beastly Appendage        Tmut           0%         N/A       97%         1
 Magic Dart               Conj           0%         1d3       97%         1
 Call Imp                 Summ           0%         N/A       99%         2
 Wereblood                Tmut           0%         N/A       99%         2
 Mephitic Cloud           Conj/Pois/Air  0%         N/A       100%        3
 Spider Form              Tmut/Pois      0%         N/A       100%        3


Dungeon Overview and Level Annotations

Branches:
Dungeon (3/15)

Altars:

Annotations:
D:3 1 runed translucent door, Crazy Yiuf


Innate Abilities, Weirdness & Mutations

You cannot be hasted, slowed, berserked, paralysed or teleported.
You can dig through walls and to a lower floor.
You have a pair of large antennae on your head. (SInv)
Your four strong arms can wield two-handed weapons with a shield.


Message History

The orc priest cheers loudly.
The orc hits you but does no damage.
The orc priest hits you with a +0 hand axe.
You closely miss the orc. You closely miss the orc priest.
You block the orc's attack.
An orc wizard comes into view. It is wielding a +0 dagger.
The orc priest invokes the aid of Beogh against you.
Beogh smites you!
* * * LOW HITPOINT WARNING * * *
Unknown command.
You slash the orc!
You kill the orc!
You slash the orc priest! You block the orc priest's attack.
You slash the orc priest!
The orc priest is almost dead.
You hit the orc priest. You closely miss the orc wizard.
You block the orc priest's attack.
The orc priest miscasts a cantrip.
The orc wizard hits you but does no damage.
The orc wizard gestures wildly while chanting.
The orc wizard flickers and vanishes for a moment.
The orc priest hits you with a +0 flail!
* * * LOW HITPOINT WARNING * * *
The orc priest miscasts a cantrip.
You slash the orc priest!
You kill the orc priest!
You slash the orc wizard! You slash the orc priest!
You kill the orc priest!
The orc wizard points at you and mumbles some strange words.
You resist with some effort. The orc wizard barely misses you.
You see here a +0 hand axe.
Unknown command.
You barely miss the orc wizard.
The orc wizard is heavily wounded.
The orc wizard hits you with a +0 dagger.
* * * LOW HITPOINT WARNING * * *
The orc wizard gestures at you while chanting.
The magic dart hits you.
You die...

..# #...# # #.#
#...### ### .# #.#
#...... ..# #.
#.######...#####.##.
#................#.
#.................
.#...............#
.#######...#####o#
.# #......))@# .#
#...####### { .#
#...# {{ .# #...# ##
#####..[#####
#.....).....# ###
#.#.##......# ##.##
######......###.#.##
#...........###.#


You could see an orc wizard (invisible).

Vanquished Creatures
  2 orc priests (D:3)
  An orc wizard (D:3)
  An adder (D:2)
  4 dart slugs
  7 orcs (D:3)
  5 bats
  6 endoplasms
  A giant cockroach (D:1)
  4 goblins
  3 hobgoblins
  4 jackals (D:2)
  3 quokkas
  10 ball pythons
  2 frilled lizards
  4 kobolds
  3 rats
60 creatures vanquished.

Notes
Turn   | Place    | Note
-------+----------+-------------------------------------------
     0 | D:1      | lonewolfV2 the Formicid Fighter began the quest for the
                  | Orb.
     0 | D:1      | Reached XP level 1. HP: 18/18 MP: 1/1
   152 | D:1      | Found a faded altar of an unknown god.
   171 | D:1      | Reached XP level 2. HP: 24/24 MP: 2/2
   454 | D:1      | Reached XP level 3. HP: 29/29 MP: 3/3
   941 | D:2      | Reached XP level 4. HP: 36/37 MP: 4/4
  1475 | D:3      | Reached skill level 5 in Shields
  1546 | D:3      | Found a runed translucent door.
  1547 | D:3      | Noticed Crazy Yiuf
  1634 | D:3      | Reached XP level 5. HP: 36/42 MP: 5/5
  1654 | D:3      | Killed from afar by an orc wizard

Illustrated notes

Levels and vault maps discovered:
D:1:      dpeg_arrival_arbitrary_c, layout_loops_ring,
          shapermc_ecumenical_altar_ellora
D:2:      layout_basic
D:3:      layout_loops_cross, uniq_crazy_yiuf_cottage, uniq_terence

Skill      XL: |  1  2  3  4 |
---------------+-------------+-----
Armour         | 4 |  4.6
Fighting       | 4 |  4.6
Shields        | 5 |  5.6
Axes           | |  2.1

Action                     |  1- 3 |  4- 6 || total
---------------------------+-------+-------++-------
  Melee: War axe           |    63 |    58 ||   121
Ability: Dig               |     2 |       ||     2
    Use: Scroll            |     3 |     3 ||     6
 Armour: Scale mail        |    19 |       ||    19
         Chain mail        |     6 |    31 ||    37
  Dodge: Dodged            |    31 |    18 ||    49
  Block: Buckler           |    17 |    17 ||    34
